 Dungeon Crawl Stone Soup version 0.17-a0-1951-g62301d3 (webtiles) character file.

14093 kosy22 the Cleaver (level 11, -1/101 HPs)
             Began as a Minotaur Fighter on Oct 2, 2015.
             Slain by tp1's ghost (19 damage)
             ... on level 12 of the Dungeon.
             The game lasted 00:43:58 (14018 turns).

kosy22 the Cleaver (Minotaur Fighter)              Turns: 14018, Time: 00:43:58

Health: -1/101     AC: 15    Str: 28    XL:     11   Next: 84%
Magic:  1/10       EV: 10    Int:  9    God:
Gold:   398        SH: 13    Dex: 13    Spells: 0 memorised, 10 levels left

rFire  + . .     SeeInvis .     x - +1 broad axe
rCold  + . .     Clarity  .     F - +4 chain mail {rC+}
rNeg   . . .     SustAt   .     c - +0 shield
rPois  .         Gourm    .     (helmet restricted)
rElec  +         Spirit   .     y - +1 cloak
rCorr  .         Warding  .     k - +0 pair of gloves
rMut   .         Stasis   .     (no boots)
MR     .....                    (no amulet)
Stlth  ..........               R - ring of stealth
                                E - ring of Symmetry {rElec rF+ Int+4}

@: mighty, corroded equipment, not resistant to hostile enchantments, extremely
unstealthy
A: retaliatory headbutt, horns 2, agile 1
a: no special abilities


You were on level 12 of the Dungeon.
You were not hungry.

You visited 3 branches of the dungeon, and saw 14 of its levels.

You collected 662 gold pieces.
You spent 264 gold pieces at shops.

Inventory:

Hand weapons
 a - a +1 war axe
 v - a +1 antimagic halberd
 w - a +1 antimagic short sword
 x - a +1 broad axe (weapon)
 K - a +0 hand crossbow
Missiles
 e - 16 tomahawks (quivered)
Armour
 c - a +0 shield (worn)
 k - a +0 pair of gloves (worn)
 y - a +1 cloak (worn)
 C - a +0 plate armour
 F - a +4 chain mail of cold resistance (worn)
Jewellery
 E - the ring of Symmetry (left hand) {rElec rF+ Int+4}
   (You found it on level 5 of the Dungeon)

   [ring of protection from fire]

   It affects your intelligence (+4).
   It protects you from fire.
   It insulates you from electricity.
 R - a ring of stealth (right hand)
 V - an uncursed amulet of the gourmand
Magical devices
 o - a wand of digging (19)
 t - a wand of confusion (40)
 G - a wand of slowing (23)
 H - a wand of magic darts (44)
 I - a wand of lightning (2)
 J - a wand of fire (9)
 N - a wand of flame (19)
 S - a wand of fireball (7)
 W - a wand of paralysis (11)
Scrolls
 g - 4 scrolls of remove curse
 h - 3 scrolls of magic mapping
 l - a scroll of fear
 m - 3 scrolls of enchant weapon
 n - a scroll of amnesia
 q - 2 scrolls of recharging
 r - 2 scrolls of teleportation
 D - a scroll of holy word {unknown}
 Z - 2 scrolls of identify
Potions
 b - 2 potions of agility {unknown}
 i - 2 potions of magic
 s - a potion of invisibility {unknown}
 u - a potion of cure mutation {unknown}
 L - a potion of flight {unknown}
 X - 2 potions of mutation {unknown}
Books
 f - a book of Burglary

   Spells                             Type                      Level
   a - Swiftness                      Charms/Air                   2
   b - Passwall                       Transmutation/Earth          3
   c - Passage of Golubria            Translocation                4
   d - Lee's Rapid Deconstruction     Earth                        5
   e - Darkness                       Hexes                        6
   f - Invisibility                   Hexes                        6
 z - a book of Beasts

   Spells                             Type                      Level
   a - Summon Butterflies             Summoning                    1
   b - Call Canine Familiar           Summoning                    3
   c - Summon Ice Beast               Ice/Summoning                4
   d - Summon Mana Viper              Hexes/Summoning              5
   e - Summon Hydra                   Summoning                    7
Miscellaneous
 B - a legendary deck of summoning {the Pentagram}
 P - a plain deck of escape
 Q - a stone of tremors (inert)
Comestibles
 j - a royal jelly
 p - 3 meat rations
 A - 5 bread rations
 M - 8 fruits
 O - 4 beef jerkies
 T - 4 slices of pizza


   Skills:
 + Level 10.4 Fighting
 + Level 12.6 Axes
 + Level 10.9 Armour
 + Level 4.8 Dodging
 + Level 1.3 Stealth
 + Level 11.9 Shields
   Level 0.8 Invocations
 + Level 0.1 Evocations


You had 10 spell levels left.
You didn't know any spells.

Dungeon Overview and Level Annotations

Branches:
Dungeon (12/15)            Temple (1/1) D:5            Lair (1/8) D:9
    Orc: D:9-12

Altars:
Ashenzari
Cheibriados
Dithmenos
Elyvilon
Fedhas
Gozag
Kikubaaqudgha
Makhleb
Nemelex Xobeh
Okawaru
Qazlal
Ru
Sif Muna
Trog
Vehumet
Xom
Yredelemnul
Zin
The Shining One

Shops:
D:5 *   D:6 :

Annotations:
D:12 tp1's ghost, powerful GrBe


Innate Abilities, Weirdness & Mutations

You reflexively headbutt those who attack you in melee.
You have a pair of horns on your head.
You are agile. (Dex +2)


Message History

You closely miss tp1's ghost.
You headbutt tp1's ghost, but do no damage.
Tp1's ghost is lightly damaged.
You slash the jelly!
You kill the jelly!
Tp1's ghost hits you!
* * * LOW HITPOINT WARNING * * *
The crimson imp blinks!
Drink which item? (? for menu, Esc to quit)
You feel better. Tp1's ghost hits you.
Drink which item? (? for menu, Esc to quit)
You feel very mighty all of a sudden. Tp1's ghost hits you!
* * * LOW HITPOINT WARNING * * *
You hit tp1's ghost but do no damage.
Tp1's ghost is lightly damaged.
You barely miss the crimson imp. Tp1's ghost completely misses you.
You furiously retaliate!
You headbutt tp1's ghost!! You block the crimson imp's attack.
Tp1's ghost hits you!!
You die...

#....# #......
#..... .%.....
#..#.#.......
#......<.....
##.....%[.....
#.............
#.....<......#
##<..W†(......
###...5@####...
........# .
.##.....#
.......##
.##.### #. #


You could see tp1's ghost and a crimson imp.

Vanquished Creatures
  The ghost of hansproleman the Blocker, a powerful MiBe of Trog (D:12)
  Erolcha (D:8)
  A centaur warrior (D:11)
  3 ugly things
  A spiny frog (Lair:1)
  A gargoyle (D:10)
  A two-headed ogre (D:11)
  Sigmund (D:5)
  A wyvern (D:9)
  A human (D:7)
  A hungry ghost (D:10)
  13 yaks
  A deep elf mage (D:9)
  Eustachio (D:5)
  A hog (D:7)
  2 hippogriffs
  4 water moccasins
  4 ice beasts
  2 porcupines
  3 eyes of draining (D:3)
  4 orc warriors
  2 sky beasts
  A black bear (D:10)
  A necrophage (D:7)
  6 centaurs
  2 big kobolds
  2 ogres
  A wyvern zombie (D:7)
  4 giant frogs
  A wyvern skeleton (D:8)
  27 killer bees
  3 scorpions
  An electric eel (Lair:1)
  2 quasits
  5 crimson imps
  4 giant frog zombies
  3 jellies
  4 centaur skeletons
  8 orc wizards
  7 worker ants
  Crazy Yiuf (D:3)
  2 centaur zombies
  6 orc priests
  7 hounds
  Jessica (D:3)
  Terence (D:3)
  3 iguanas
  A sheep (D:7)
  3 hound zombies
  2 hound skeletons
  2 worker ant zombies
  Robin (D:3)
  A gnoll (D:3)
  14 adders
  A shadow imp (D:8)
  An ooze (D:6)
  2 adder zombies
  A worm (D:2)
  7 giant geckos
  42 orcs
  3 ball pythons
  6 giant cockroaches
  15 hobgoblins
  12 jackals
  3 quokkas
  11 bats
  9 giant newts
  15 goblins
  12 kobolds
  A quokka skeleton (D:8)
  7 rats
325 creatures vanquished.

Vanquished Creatures (collateral kills)
  3 yaks (D:11)
3 creatures vanquished.

Vanquished Creatures (others)
  An orc (D:11)
1 creature vanquished.

Grand Total: 329 creatures vanquished

Notes
Turn   | Place    | Note
--------------------------------------------------------------
     0 | D:1      | kosy22 the Minotaur Fighter began the quest for the Orb.
     0 | D:1      | Reached XP level 1. HP: 19/19 MP: 0/0
   175 | D:1      | Reached XP level 2. HP: 27/27 MP: 1/1
   243 | D:1      | Reached skill level 4 in Armour
   869 | D:2      | Found a shimmering altar of Xom.
   869 | D:2      | Found a shimmering altar of Xom.
   870 | D:2      | Found a shimmering altar of Xom.
   870 | D:2      | Found a shimmering altar of Xom.
  1052 | D:2      | Found a shimmering altar of Xom.
  1052 | D:2      | Found a shimmering altar of Xom.
  1053 | D:2      | Found a shimmering altar of Xom.
  1054 | D:2      | Found a shimmering altar of Xom.
  1137 | D:2      | Reached XP level 3. HP: 33/33 MP: 2/2
  1509 | D:3      | Found a sparkling altar of Nemelex Xobeh.
  1538 | D:3      | Noticed Terence
  1544 | D:3      | Killed Terence
  1544 | D:3      | Reached skill level 1 in Dodging
  1544 | D:3      | Reached XP level 4. HP: 26/40 MP: 3/3
  1678 | D:3      | Reached XP level 5. HP: 28/46 MP: 4/4
  1958 | D:3      | Noticed Jessica
  1961 | D:3      | Noticed Robin
  1969 | D:3      | Killed Jessica
  1989 | D:3      | Killed Robin
  2250 | D:3      | Found a deep blue altar of Sif Muna.
  2534 | D:3      | Found a shattered altar of Ashenzari.
  2682 | D:3      | Found a bloodstained altar of Trog.
  2682 | D:3      | Noticed an eye of draining
  2682 | D:3      | Noticed an eye of draining
  2682 | D:3      | Noticed an eye of draining
  2695 | D:3      | Killed an eye of draining
  2695 | D:3      | Reached skill level 5 in Armour
  2695 | D:3      | Reached XP level 6. HP: 29/53 MP: 0/5
  2696 | D:3      | Killed an eye of draining
  2696 | D:3      | Reached skill level 5 in Shields
  2698 | D:3      | Killed an eye of draining
  3104 | D:3      | Noticed Crazy Yiuf
  3109 | D:3      | Killed Crazy Yiuf
  3337 | D:3      | Found a glowing golden altar of the Shining One.
  3391 | D:3      | Reached skill level 5 in Axes
  3391 | D:3      | Reached XP level 7. HP: 50/60 MP: 6/6
  3715 | D:4      | Reached skill level 6 in Armour
  3791 | D:4      | Reached skill level 5 in Fighting
  4053 | D:5      | Entered Level 5 of the Dungeon
  4164 | D:5      | Found a staircase to the Ecumenical Temple.
  4202 | Temple   | Entered the Ecumenical Temple
  4298 | Temple   | Became a worshipper of Elyvilon the Healer
  4368 | D:5      | Noticed Sigmund
  4370 | D:5      | Noticed Eustachio
  4394 | D:5      | Killed Sigmund
  4403 | D:5      | Killed Eustachio
  4403 | D:5      | Reached XP level 8. HP: 29/69 MP: 7/7
  4412 | D:5      | Got a warped tin ring
  5010 | D:5      | Identified the ring of Symmetry {rElec rF+ Int+4} (You found it on level 5 of the Dungeon)
  5048 | D:5      | Found Orusessi's General Store.
  5051 | D:5      | Bought 2 potions of heal wounds for 110 gold pieces
  5090 | D:5      | Found an opulent altar of Gozag.
  5282 | D:6      | Reached skill level 7 in Shields
  5406 | D:6      | Acquired Elyvilon's first power
  5738 | D:6      | Found Hytim's Book Emporium.
  6216 | D:5      | Bought a plain deck of escape for 154 gold pieces
  6942 | D:7      | Reached skill level 8 in Axes
  6942 | D:7      | Reached XP level 9. HP: 73/77 MP: 8/8
  7505 | D:8      | Acquired Elyvilon's second power
  7553 | D:8      | Noticed a brown ugly thing
  7562 | D:8      | Killed a brown ugly thing
  7562 | D:8      | Reached skill level 9 in Axes
  7591 | D:8      | Noticed Erolcha
  7613 | D:8      | Killed Erolcha
  7613 | D:8      | Reached XP level 10. HP: 28/88 MP: 7/9
  7903 | D:8      | Was placed under penance by Elyvilon
  8228 | D:8      | Found a sacrificial altar of Ru.
  8449 | D:8      | Fell from the grace of Elyvilon
  8734 | D:8      | Reached skill level 10 in Axes
  8788 | D:8      | Found a shadowy altar of Dithmenos.
  8989 | D:9      | Found a staircase to the Lair.
  9253 | D:9      | Gained mutation: You are agile. (Dex +2) [mutagenic meat]
  9452 | D:9      | Reached skill level 1 in Stealth
  9453 | D:9      | Reached skill level 10 in Shields
  9680 | Lair:1   | Entered Level 1 of the Lair of Beasts
  9704 | Lair:1   | HP: 1/90 [yak (10)]
  9707 | Lair:1   | Reached skill level 10 in Armour
 10174 | D:9      | Reached skill level 11 in Axes
 10438 | D:9      | Found a radiant altar of Vehumet.
 10600 | D:9      | Reached XP level 11. HP: 84/97 MP: 10/10
 10746 | D:10     | Entered Level 10 of the Dungeon
 12618 | D:11     | Reached skill level 10 in Fighting
 12944 | D:11     | Reached skill level 12 in Axes
 13318 | D:11     | Noticed a centaur warrior
 13331 | D:11     | Killed a centaur warrior
 13997 | D:12     | Noticed tp1's ghost (powerful GrBe)
 13997 | D:12     | Noticed hansproleman's ghost (powerful MiBe)
 14011 | D:12     | Killed hansproleman's ghost
 14018 | D:12     | Slain by tp1's ghost

Vault maps used:
D:1:      lemuel_arrival_hallway, minmay_unequal
D:2:      roderic_bali_sauvastika, xom_redecorated
D:3:      ashenzari_altar_1, trog_eyes_of_draining, led_sif_book,
          nicolae_tso_swordbearing_angel, nemelex_xobeh_ov_fountains_minmay,
          hex_tiny, uniq_jessica, uniq_terence, uniq_robin,
          uniq_crazy_yiuf_cottage
D:4:      first_bread
D:5:      lemuel_coloured_pillars_altar, minmay_temple_entry_grid, serial_shops,
          kennysheep_mini_moat, uniq_eustachio, uniq_sigmund
D:6:      wad_crossroads, serial_shops, nicolae_shop_crystal
D:7:      minivault_11, hangedman_decor_points, grunt_livestock
D:8:      kennysheep_mini, old_standard_altar, uniq_erolcha
D:9:      lemuel_doored_altar, lair_0_dummy
D:10:     minmay_misc_feat_hallway
D:11:     kennysheep_generic_room_2
D:12:     orc_0_dummy, grunt_ministairs_9
Temple:   nicolae_temple_no_exploring_needed

Action                   |  1- 3 |  4- 6 |  7- 9 | 10-12 || total
-------------------------+-------+-------+-------+-------++-------
Melee: War axe           |    79 |    99 |   269 |   334 ||   781
       Broad axe         |       |       |       |   145 ||   145
Invok: Lesser Healing    |       |       |     2 |     1 ||     3
       Divine Protection |       |       |       |     1 ||     1
       Renounce Religion |       |       |       |     1 ||     1
Evoke: Stone of tremors  |       |       |       |     1 ||     1
  Use: Scroll            |     3 |     2 |     7 |    10 ||    22
       Potion            |       |     5 |     2 |     5 ||    12
  Eat: Bread ration      |     1 |     1 |     3 |     3 ||     8
       Pizza             |       |       |     2 |     2 ||     4
       Meat ration       |       |       |       |     2 ||     2
       Chunk             |       |       |       |     1 ||     1
